 Seeded DCSS version 0.27.1-2-g3b301248ec (webtiles) character file.

Game seed: 17848141825139092340 (custom seed)

20 oldmanjim the Skirmisher (level 2, 0/27 HPs)
             Began as a Hill Orc Fighter on Sept 23, 2021.
             Slain by Natasha (7 damage)
             ... on level 2 of the Dungeon.
             The game lasted 00:03:39 (1140 turns).

oldmanjim the Skirmisher (Hill Orc Fighter)         Turns: 1140, Time: 00:03:39

Health: 0/27       AC:  9    Str: 18    XL:     2   Next: 79%
Magic:  2/2        EV:  5    Int:  8    God:
Gold:   59         SH:  9    Dex: 10    Spells: 1/1 levels left

rFire    . . .     SeeInvis .   a - +0 war axe
rCold    . . .     Faith    +   c - +0 kite shield
rNeg     . . .     Spirit   .   e - +0 chain mail
rPois    .         Reflect  .   (no helmet)
rElec    .         Harm     .   (no cloak)
rCorr    .         Rampage  .   (no gloves)
Will     .....                  (no boots)
Stlth    ..........             b - amulet of faith
HPRegen  0.09/turn              (no ring)
MPRegen  0.08/turn              (no ring)

@: no status effects
A: no striking features
a: no special abilities


You were on level 2 of the Dungeon.
You visited 1 branch of the dungeon, and saw 2 of its levels.

You collected 59 gold pieces.

Inventory:

Hand Weapons
 a - a +0 war axe (weapon)
 k - a +0 short sword
Missiles
 j - 8 stones (quivered)
Armour
 c - a +0 kite shield (worn)
 e - a +0 chain mail (worn)
Jewellery
 b - an amulet of faith (around neck)
Scrolls
 h - a scroll of immolation {unknown}
 m - a scroll of teleportation {unknown}
Potions
 d - a potion of might
 f - a potion of degeneration {unknown}
 g - a potion of berserk rage {unknown}
 i - a potion of lignification {unknown}
 l - a potion of attraction {unknown}


   Skills:
 - Level 4.0 Fighting
 + Level 3.4 Axes
 - Level 3.2 Armour
 + Level 3.7 Shields


You had one spell level left.
You didn't know any spells.
Your spell library was empty.

Dungeon Overview and Level Annotations

Branches:
Dungeon (2/15)

Altars:

Annotations:
D:2 Natasha


Message History

j - 9 stones (gained 1)
An endoplasm comes into view.
Found a scroll labelled RAPPIUXZIUM.
Throw: 9 stones
Press: ? - help, Q - select action Shift-Dir - straight line, f - endoplasm
Aim: an endoplasm (85% to hit)
You throw a stone.
The stone hits the endoplasm but does no damage.
Natasha, Servant of Life and Death comes into view.
An adder and a worm come into view.
Natasha hisses angrily.
The adder hisses angrily.
Natasha mumbles some strange words.
The adder moves out of view.
You miss Natasha. Natasha claws you.
The crimson imp blinks!
You block Natasha's attack.
Your chain mail prevents you from hitting Natasha.
You hit the endoplasm but do no damage.
The endoplasm hits you but does no damage.
Natasha claws you. The endoplasm freezes you.
You are frozen.
You miss Natasha. You hit the endoplasm. You hit the adder.
You block Natasha's attack. The adder bites you but does no damage.
The endoplasm hits you but does no damage.
You block Natasha's attack. The adder bites you but does no damage.
You slash the endoplasm!
You kill the endoplasm!
Your chain mail prevents you from hitting the adder.
You closely miss Natasha. The adder bites you but does no damage.
Natasha claws you. You block the adder's attack. Natasha claws you.
* * * LOW HITPOINT WARNING * * *
You hit Natasha.
Natasha is moderately wounded.
You miss the adder. The adder bites you but does no damage.
Natasha claws you but does no damage. You block the adder's attack.
You closely miss Natasha.
Natasha is moderately wounded.
You barely miss the adder. You block the adder's attack.
You block Natasha's attack. You block the adder's attack. Natasha claws you!
You die...

.....# ...# .....
###...# .... ......#
...#....... ..........
..... .5....... ....
#hS...... #...
####@w...... #...
#........... .###...
#........(..
........#####...........
.. #...................
..###..........###......
...###.........# ?.....
...###.........# ......
.. ...............#
...## ...


You could see a worm, Natasha, a crimson imp (summoned) and an adder.

Vanquished Creatures
  2 dart slugs (D:1)
  2 ball pythons (D:1)
  2 endoplasms
  A giant cockroach (D:1)
  3 goblins
  A frilled lizard (D:1)
  4 kobolds (D:1)
  A rat (D:1)
16 creatures vanquished.

Notes
Turn   | Place    | Note
-------+----------+-------------------------------------------
     0 | D:1      | oldmanjim the Hill Orc Fighter began the quest for the Orb.
     0 | D:1      | Reached XP level 1. HP: 19/19 MP: 1/1
    72 | D:1      | Reached XP level 2. HP: 27/27 MP: 2/2
   546 | D:1      | Reached skill level 4 in Fighting
  1133 | D:2      | Noticed Natasha
  1135 | D:2      | Noticed a crimson imp
  1140 | D:2      | Slain by Natasha

Illustrated notes

Levels and vault maps discovered:
D:1:      onia_arrival_handbag, layout_basic
D:2:      layout_basic, hellmonk_ecumenical_altar_watching_god, st_stairs_11,
          minmay_misc_feat_four_crosses, uniq_sigmund, uniq_natasha

Skill      XL: |  1  2 |
---------------+-------+-----
Axes           | 3 |  3.4
Fighting       | 4 |  4.0
Armour         | |  3.2
Shields        | |  3.7

Action                   || total
-------------------------++-------
Melee: War axe           ||    43
Throw: Stone             ||     5
Armor: Chain mail        ||    28
Dodge: Dodged            ||     7
Block: Kite shield       ||    34
